cohdb
Replays
Latest Replays
All Replays
Popular Replays
Top Player Replays
Match Explorer
How It Works
Community
CoH3 Stats
Reddit
Sign in to upload your games and track your stats! →
Sign in with Steam
Match 46898568
Unlisted
Match 46898568
Overview
Messages
Build Orders
End
Pioneer Squad
Construct Infanterie Kompanie
Grenadier Squad
Selects Mechanized Battlegroup
Grenadier Squad
Grenadier Squad
Infanterie Officer Quarters
Construct Panzergrenadier Kompanie
MG 42 Machine Gun Team
Selects Raid Package
Pak 40 Anti-tank Gun Team
Pioneer Squad
Selects StuG Assault Group
StuG Assault Group
Pak 40 Anti-tank Gun Team
MG 42 Machine Gun Team
Construct Panzer Kompanie
Selects Mobile Repair Stations
Selects Wespe Self-propelled Artillery
MG 42 Machine Gun Team
Selects UNKNOWN (2160084)
Panther Heavy Tank
MG 42 Machine Gun Team
Selects Zeroing Artillery Barrage
Zeroing Artillery Barrage
StuG Assault Group
Pioneer Squad
Angrybirds
Demi
maxxximka0
P3prime
0
0
Comments
sign in to comment!
No comments posted yet!